 Dungeon Crawl Stone Soup version 0.23.0 (webtiles) character file.

Game seed: 7184403735918376762

518 chequers the Slasher (level 7, -6/50 HPs)
             Began as a Demonspawn Gladiator on Feb 9, 2019.
             Was an Initiate of Wu Jian.
             Mangled by an ogre
             ... wielding a +0 giant club
              (21 damage)
             ... on level 5 of the Dungeon.
             The game lasted 00:08:02 (6441 turns).

chequers the Slasher (Demonspawn Gladiator)         Turns: 6441, Time: 00:08:02

Health: -6/50      AC:  7    Str: 16    XL:     7   Next: 1%
Magic:  7/7        EV: 13    Int: 14    God:    Wu Jian [......]
Gold:   176        SH:  0    Dex: 15    Spells: 6/6 levels left

rFire    . . .     SeeInvis .   a - +0 long sword
rCold    + . .     Gourm    +   (no shield)
rNeg     . . .     Faith    .   p - +0 leather armour of Duck's Teeth {rC+ Int+5 Stlth+}
rPois    .         Spirit   .   c - +0 helmet
rElec    .         Reflect  .   o - +0 cloak
rCorr    .         Harm     .   (no gloves)
MR       .....                  (no boots)
Stlth    +++.......             r - amulet of the gourmand
HPRegen  0.16/turn              (no ring)
MPRegen  0.10/turn              (no ring)

@: no status effects
A: claws 1, thin metallic scales 1, demonic guardian 1, nightstalker 1
a: Renounce Religion


You were on level 5 of the Dungeon.
You worshipped Wu Jian.
Wu Jian was noncommittal.
You were full.

You visited 2 branches of the dungeon, and saw 7 of its levels.

You collected 176 gold pieces.

Inventory:

Hand Weapons
 a - a +0 long sword (weapon)
Missiles
 d - 2 throwing nets (quivered)
Armour
 c - a +0 helmet (worn)
 i - a +0 chain mail
 o - a +0 cloak (worn)
 p - the +0 leather armour of Duck's Teeth (worn) {rC+ Int+5 Stlth+}
   (You found it on level 4 of the Dungeon)

   It affects your intelligence (+5).
   It protects you from cold.
   It makes you more stealthy.
Jewellery
 r - an amulet of the gourmand (around neck)
Scrolls
 b - a scroll of noise {unknown}
 e - 5 scrolls of remove curse
 g - 2 scrolls of immolation {unknown}
 k - a scroll of enchant weapon {unknown}
 m - 2 scrolls of amnesia {unknown}
 n - 3 scrolls of identify {unknown}
 q - 2 scrolls of teleportation {unknown}
Potions
 h - 5 potions of curing
 j - a potion of heal wounds {unknown}
 l - a potion of cancellation {unknown}
 s - a potion of degeneration {unknown}
 t - a potion of haste {unknown}
Comestibles
 f - 10 rations


   Skills:
 - Level 2.0 Fighting
 + Level 7.3 Long Blades
 - Level 1.7 Throwing
 - Level 2.6 Dodging


You had 6 spell levels left.
You didn't know any spells.
Your spell library was empty.

Dungeon Overview and Level Annotations

Branches:
Dungeon (6/15)             Temple (1/1) D:4

Altars:
Cheibriados
Dithmenos
Elyvilon
Fedhas
Gozag
Hepliaklqana
Kikubaaqudgha
Makhleb
Nemelex Xobeh
Okawaru
Qazlal
Ru
Sif Muna
Trog
Uskayaw
Vehumet
Wu Jian
Xom
Yredelemnul
Zin
The Shining One

Annotations:
D:5 exclusion: 4 doors


Innate Abilities, Weirdness & Mutations

You have sharp fingernails.
You are partially covered in thin metallic scales. (AC +2)
A weak demonic guardian rushes to your aid.
You are slightly more attuned to the shadows.


Message History

The ogre is lightly wounded.
The ogre hits you with a +0 giant club!
You slash the ogre!
The ogre is moderately wounded.
The ogre misses you.
You hit the ogre.
The ogre is severely wounded.
The ogre hits you with a +0 giant club!
* * * LOW HITPOINT WARNING * * *
You hit the ogre.
The ogre is severely wounded.
The ogre hits you with a +0 giant club!
* * * LOW HITPOINT WARNING * * *
You hit the ogre but do no damage.
The ogre is severely wounded.
Your shadow imp hits the ogre.
You hit the ogre.
The ogre is almost dead.
The ogre hits you with a +0 giant club!!
You die...

##....... #........ .
+..<..... ##.
#........ #..
##....... # #.#
##.....# #?#.#
##...## #.#O####.#
##+## #.5@.....# #.#
###.###### #.#
####.##### ##.##
#........# ##...##
#.##.###.######.....#
# #...(......[#...##
#####.#####.##.###
#.# #....... ..#
########


You could see an ogre and a friendly shadow imp.

Vanquished Creatures
  A centaur (D:6)
  An orc wizard (D:4)
  A worker ant (D:4)
  4 adders
  An ooze (D:2)
  3 worms
  2 dart slugs
  2 leopard geckos
  An orc (D:4)
  2 giant cockroaches
  12 goblins
  7 hobgoblins
  3 jackals (D:3)
  2 quokkas (D:2)
  13 bats
  4 frilled lizards
  8 kobolds
  6 rats
73 creatures vanquished.

Vanquished Creatures (collateral kills)
  Menkaure (D:5)
  2 ogres
  A howler monkey (D:6)
  2 hounds
  An adder (D:2)
7 creatures vanquished.

Vanquished Creatures (others)
  A ghoul (D:1)
  A draconian (D:1)
  A gargoyle (D:1)
  An elf (D:1)
  3 vine stalkers (D:1)
  A troll (D:1)
  A human (D:1)
  2 nagas (D:1)
  An ogre (D:1)
  A centaur (D:1)
  2 kobolds (D:1)
  4 tentacles (D:1)
19 creatures vanquished.

Grand Total: 99 creatures vanquished

Notes
Turn   | Place    | Note
-------+----------+-------------------------------------------
     0 | D:1      | chequers the Demonspawn Gladiator began the quest for the
                  | Orb.
     0 | D:1      | Reached XP level 1. HP: 16/16 MP: 1/1
     2 | D:1      | Killed a naga
     5 | D:1      | Noticed a draconian
     5 | D:1      | Noticed a human
     5 | D:1      | Noticed a gargoyle
     5 | D:1      | Noticed a ghoul
     5 | D:1      | Noticed a naga
     5 | D:1      | Noticed an ogre
     5 | D:1      | Noticed a troll
     5 | D:1      | Noticed a kraken
     5 | D:1      | Noticed a vine stalker
     5 | D:1      | Noticed a vine stalker
     5 | D:1      | Noticed a centaur
     5 | D:1      | Noticed a vine stalker
     5 | D:1      | Noticed an elf
     6 | D:1      | Killed a human
     7 | D:1      | Killed a naga
     7 | D:1      | Killed a gargoyle
     8 | D:1      | Killed a troll
     9 | D:1      | Killed a centaur
    10 | D:1      | Killed a vine stalker
    11 | D:1      | Killed an ogre
    11 | D:1      | Killed a vine stalker
    14 | D:1      | Killed a draconian
    15 | D:1      | Killed a vine stalker
    17 | D:1      | Killed an elf
    17 | D:1      | Killed a ghoul
    74 | D:1      | Reached skill level 3 in Long Blades
   480 | D:1      | Gained mutation: A weak demonic guardian rushes to your
                  | aid. [demonic ancestry]
   480 | D:1      | Reached XP level 2. HP: 22/22 MP: 2/2
  1222 | D:2      | Gained mutation: You are slightly more attuned to the
                  | shadows. [demonic ancestry]
  1222 | D:2      | Reached XP level 3. HP: 24/27 MP: 3/3
  1301 | D:2      | Reached skill level 4 in Long Blades
  2066 | D:2      | Reached XP level 4. HP: 31/33 MP: 4/4
  2368 | D:3      | You fall through a shaft!
  2519 | D:4      | Noticed an ogre
  2605 | D:4      | Found a staircase to the Ecumenical Temple.
  2613 | Temple   | Entered the Ecumenical Temple
  2834 | Temple   | Became a worshipper of the Wu Jian Council
  3043 | D:3      | Reached skill level 5 in Long Blades
  3303 | D:3      | Reached XP level 5. HP: 38/38 MP: 5/5
  3766 | D:4      | Killed an ogre
  4316 | D:4      | Reached skill level 6 in Long Blades
  4876 | D:4      | Got a translucent leather armour
  4887 | D:4      | Identified the cursed +0 leather armour of Duck's Teeth
                  | {rC+ Int+5 Stlth+} (You found it on level 4 of the Dungeon)
  4947 | D:5      | Entered Level 5 of the Dungeon
  5196 | D:5      | Noticed an ice beast
  5417 | D:5      | Noticed an ogre
  5426 | D:5      | Killed an ogre
  5426 | D:5      | Gained mutation: You have sharp fingernails. [demonic
                  | ancestry]
  5426 | D:5      | Reached XP level 6. HP: 4/44 MP: 6/6
  5774 | D:5      | Noticed Menkaure
  6157 | D:6      | Noticed an orc warrior
  6180 | D:5      | Killed Menkaure
  6180 | D:5      | Reached skill level 7 in Long Blades
  6180 | D:5      | Gained mutation: You are partially covered in thin metallic
                  | scales. (AC +2) [demonic ancestry]
  6180 | D:5      | Reached XP level 7. HP: 31/50 MP: 7/7
  6441 | D:5      | Mangled by an ogre

Skill      XL: |  1  2  3  4  5  6 |
---------------+-------------------+-----
Long Blades    | 3 4 5 6 7 |  7.3
Fighting       | |  2.0
Throwing       | |  1.7
Dodging        | |  2.6

Action                   |  1- 3 |  4- 6 |  7- 9 || total
-------------------------+-------+-------+-------++-------
Melee: Long sword        |   161 |   153 |     6 ||   320
Throw: Throwing net      |       |     3 |       ||     3
Invok: Lunge             |       |     4 |       ||     4
  Use: Scroll            |     1 |     1 |       ||     2
       Potion            |     1 |       |       ||     1
 Stab: Held in net/web   |       |     1 |       ||     1
  Eat: Chunk             |     4 |    20 |       ||    24
       Ration            |       |     1 |       ||     1
Armor: Leather armour    |    12 |     3 |       ||    15
       Chain mail        |   101 |    70 |       ||   171
Dodge: Dodged            |    81 |    64 |     1 ||   146
       Rpst.: Long sword |    33 |    17 |       ||    50
